 Dungeon Crawl Stone Soup version 0.29.1-12-g30fa7ad0bf (webtiles) character file.

Game seed: 13124641650404319646

88188 GeoRichter the Bludgeoner (level 15, -2/93 HPs)
             Began as a Gargoyle Fighter on Dec 31, 2022.
             Was the Champion of Hepliaklqana.
             Slain by an orc warrior
             ... wielding a +0 glaive
              (7 damage)
             ... on level 2 of the Orcish Mines.
             The game lasted 00:47:17 (25258 turns).

GeoRichter the Bludgeoner (Gargoyle Fighter)       Turns: 25258, Time: 00:47:18

Health: -2/93      AC: 23    Str: 25    XL:     15   Next: 93%
Magic:  21/21      EV: 11    Int: 11    God:    Hepliaklqana [******]
Gold:   189        SH: 10    Dex:  9    Spells: 14/14 levels left

rFire   . . .      SeeInvis +   b - +0 morningstar (freeze)
rCold   + . .      Faith    .   H - +0 kite shield
rNeg    + . .      Spirit   .   z - +2 chain mail {rC+}
rPois   ∞          Reflect  .   r - +0 helmet {SInv}
rElec   +          Harm     .   t - +0 cloak
rCorr   +          Rampage  .   (no gloves)
Will    +....                   A - +0 pair of boots
Stlth   ..........              x - amulet of the acrobat
HPRegen 0.25/turn               m - ring of resist corrosion
MPRegen 0.17/turn               q - +4 ring of evasion

@: spiked, corroded, flying
A: reduced essence, sickness immunity, AC +11, big wings, negative energy
resistance 1, electricity resistance, torment resistance 1, petrification
resistance
a: Renounce Religion, Recall Ancestor, Ancestor Identity, Transference, Idealise


You were on level 2 of the Orcish Mines.
You worshipped Hepliaklqana.
Hepliaklqana was exalted by your worship.
You visited 4 branches of the dungeon, and saw 22 of its levels.
You also visited: Bailey and Ice Cave.

You collected 1389 gold pieces.
You spent 1200 gold pieces at shops.

Inventory:

Hand Weapons
 a - a +3 flail of protection
   (You took it off Edmund on level 4 of the Dungeon)
 b - a +0 morningstar of freezing (weapon)
   (You took it off an orc on level 4 of the Dungeon)
Missiles
 v - 3 throwing nets {!f}
 P - a javelin (quivered)
Armour
 r - a +0 helmet of see invisible (worn)
   (You took it off Robin on level 4 of the Dungeon)
 t - a +0 cloak (worn)
   (You found it on level 5 of the Lair of Beasts)
 y - a +2 buckler
   (You found it on level 11 of the Dungeon)
 z - a +2 chain mail of cold resistance (worn)
   (You bought it in a shop on level 1 of the Dungeon)
 A - a +0 pair of boots (worn)
   (You found it on level 6 of the Dungeon)
 H - a +0 kite shield (worn)
   (You took it off a gnoll sergeant on level 12 of the Dungeon)
Jewellery
 h - a ring of ice
   (You found it on level 5 of the Lair of Beasts)
 m - a ring of resist corrosion (left hand)
   (You found it on level 2 of the Dungeon)
 p - a ring of fire
   (You found it on level 6 of the Dungeon)
 q - a +4 ring of evasion (right hand)
   (You found it on level 4 of the Dungeon)
 x - an amulet of the acrobat (around neck)
   (You found it on level 5 of the Dungeon)
Wands
 c - a wand of mindburst (7)
   (You found it on level 3 of the Lair of Beasts)
 w - a wand of flame (2)
   (You found it on level 5 of the Dungeon)
 D - a wand of roots (15)
   (You found it on level 4 of the Lair of Beasts)
 L - a wand of paralysis (8)
   (You took it off a gnoll on level 9 of the Dungeon)
 Q - a wand of acid (1)
   (You found it on level 1 of the Lair of Beasts)
Scrolls
 g - 3 scrolls of fog
 i - a scroll of silence
 k - 2 scrolls of poison
 l - 5 scrolls of enchant weapon
 n - 3 scrolls of enchant armour
 u - 6 scrolls of immolation {!r}
 M - a scroll of brand weapon
Potions
 d - a potion of berserk rage {unknown}
 e - 2 potions of curing {@q1}
 f - 6 potions of lignification {!q}
 s - a potion of magic {unknown}
 B - 4 potions of attraction {!q}
 E - 5 potions of haste {@q3}
 G - a potion of mutation {!q}
 I - 4 potions of flight
 J - 2 potions of might
 O - 4 potions of ambrosia
 R - a potion of brilliance
 S - 2 potions of cancellation


   Skills:
 * Level 16.0 Fighting
 - Level 16.0 Maces & Flails
 + Level 7.3 Throwing
 + Level 15.0 Armour
 + Level 9.4 Shields
 + Level 8.4 Invocations
 - Level 6.0 Evocations


You had 14 spell levels left.
You didn't know any spells.
Your spell library contained the following spells:

 Spells                   Type           Power      Damage    Failure   Level
 Foxfire                  Conj/Fire      0%         2x1d4     97%         1
 Necrotise                Necr           0%         1d4       97%         1
 Blink                    Tloc           0%         N/A       99%         2
 Ensorcelled Hibernation  Hex/Ice        0%         N/A       99%         2
 Passwall                 Tmut/Erth      0%         N/A       99%         2
 Conjure Flame            Conj/Fire      0%         6-21      100%        3
 Frozen Ramparts          Ice            0%         1d1       100%        3
 Ignite Poison            Fire/Tmut/Pois 0%         N/A       100%        3
 Inner Flame              Hex/Fire       0%         N/A       100%        3
 Lesser Beckoning         Tloc           0%         N/A       100%        3
 Mephitic Cloud           Conj/Pois/Air  0%         N/A       100%        3
 Spider Form              Tmut/Pois      0%         N/A       100%        3
 Stone Arrow              Conj/Erth      0%         3d7       100%        3
 Swiftness                Air            0%         N/A       100%        3
 Vampiric Draining        Necr           0%         2d6       100%        3
 Anguish                  Hex/Necr       0%         N/A       100%        4
 Animate Armour           Summ/Erth      0%         N/A       100%        4
 Corpse Rot               Necr/Pois/Air  0%         N/A       100%        4
 Dispel Undead            Necr           0%         3d6       100%        4
 Flame Wave               Conj/Fire      0%         2d4       100%        4
 Petrify                  Tmut/Erth      0%         N/A       100%        4
 Summon Ice Beast         Ice/Summ       0%         N/A       100%        4
 Agony                    Necr           0%         N/A       100%        5
 Blade Hands              Tmut           0%         N/A       100%        5
 Freezing Cloud           Conj/Ice/Air   0%         6-21      100%        5
 Irradiate                Conj/Tmut      0%         3d11      100%        5
 Manifold Assault         Tloc           0%         N/A       100%        5
 Death Channel            Necr           0%         N/A       100%        6
 Simulacrum               Ice/Necr       0%         N/A       100%        6
 Dragon Form              Tmut           0%         N/A       100%        7
 Lehudib's Crystal Spear  Conj/Erth      0%         10d2      100%        8
 Sublimation of Blood     Necr           Unusable   N/A       N/A         2

Dungeon Overview and Level Annotations

Branches:
Dungeon (14/15) Zot: 24611  Temple (1/1) D:6 Zot: 5957    Lair (5/5) D:10 Zot: 22729
  Swamp (0/4) Lair:3       Spider (0/4) Lair:2        Slime (0/5) Lair:5
    Orc (2/2) D:12 Zot: 9801     Elf (0/3) Orc:2        Bailey (visited)
  IceCv (visited)
 Vaults: D:13-14

Altars:
Ashenzari
Cheibriados
Dithmenos
Elyvilon
Fedhas
Gozag
Hepliaklqana
Kikubaaqudgha
Makhleb
Nemelex Xobeh
Okawaru
Qazlal
Ru
Sif Muna
Trog
Uskayaw
Vehumet
Wu Jian
Xom
Yredelemnul
Zin
The Shining One

Shops:
D:1 *   D:4 :   D:11 :?!   Orc:1 !(   Orc:2 *?

Annotations:
D:10 exclusions: orange crystal statue and statue
Orc:2 Sonja


Innate Abilities, Weirdness & Mutations

Your life essence is reduced to manifest your ancestor. (-10% HP)
You are immune to sickness and miasma.
Your stone body is resilient. (AC +11)
You are immune to poison.
Your large and strong wings let you fly.
You resist negative energy. (rN+)
You are resistant to electric shocks. (rElec)
You are resistant to unholy torment.
You are immune to petrification.


Message History

You block the rust devil's attack.
Ahhotep hits the orc warrior with a +0 quarterstaff.
You bludgeon the orc sorcerer!! You freeze the orc sorcerer.
You kill the orc sorcerer!
The orc high priest hits you with a +0 war axe.
* * * LOW HITPOINT WARNING * * *
The orc warrior barely misses Ahhotep.
You block the orc's attack. You block the orc warrior's attack.
The orc high priest utters an invocation to Beogh.
The rust devil hits you.
* * * LOW HITPOINT WARNING * * *
The red devil hits you from afar with a +0 demon trident of flaming.
* * * LOW HITPOINT WARNING * * *
Barbed spikes become lodged in your body.
The red devil burns you.
* * * LOW HITPOINT WARNING * * *
Ahhotep hits the orc warrior with a +0 quarterstaff!
The orc warrior dies!
You hit the orc high priest but do no damage.
The orc warrior no longer looks unusually strong.
The orc high priest closely misses you.
The orc high priest utters an invocation to Beogh.
The orc closely misses you.
The orc warrior hits you from afar with a +0 glaive.
* * * LOW HITPOINT WARNING * * *
The rust devil misses you. The red devil misses you.
Ahhotep hits the rust devil with a +0 quarterstaff!
You hit the orc high priest but do no damage.
The orc high priest closely misses you.
The orc warrior hits you from afar with a +0 glaive!
* * * LOW HITPOINT WARNING * * *
You block the orc's attack. The rust devil hits you.
The rust devil corrodes you!
Ahhotep points at the orc high priest and mumbles some strange words.
The bolt of magma hits the rust devil!
The rust devil partially resists.
The bolt of magma hits the orc high priest!
The red devil hits you from afar with a +0 demon trident of flaming.
* * * LOW HITPOINT WARNING * * *
Barbed spikes become lodged in your body.
The red devil burns you.
* * * LOW HITPOINT WARNING * * *
Okay, then.
You feel better.
The orc no longer looks unusually strong.
The smoke demon gestures at you. Beogh smites you!
* * * LOW HITPOINT WARNING * * *
The orc high priest hits you but does no damage.
The orc warrior hits you from afar with a +0 glaive!
You die...

##))###...##
###
##))###...##
#
##..)).)..##
#
##....#.))##
##...#....##
##∩.#.....##
#.....#..##
##∩.#...4o##
##.))#R@).##
##..))#o..##
##....o4.3#
##..###4..#
##.. #4.o#
##.. #... #
#.. #.# #.
#.. #. ..
#.. ..


You could see the friendly Ahhotep the battlemage, 2 orc high priests, an orange
demon (summoned), 2 rust devils, a smoke demon (summoned), a red devil
(summoned), an orc warrior and an orc.

Vanquished Creatures
  An orc warlord (Orc:1)
  6 hydras
  2 catoblepae (Lair:5)
  A rakshasa (D:12)
  2 centaur warriors (D:14)
  A boulder beetle (Lair:5)
  2 two-headed ogres
  13 death yaks
  Nergalle (D:12)
  An orc high priest (Orc:1)
  An orc knight (Bailey)
  2 manticores
  Pikel (D:5)
  A cyclops (Orc:1)
  4 orc sorcerers
  An ugly thing (D:12)
  3 elephants
  Maurice (Orc:2)
  2 black mambas
  A rust devil (Orc:2)
  An ice statue (IceCv)
  2 cane toads
  A freezing wraith (D:14)
  An unseen horror (D:12)
  A rime drake (Lair:4)
  2 kobold demonologists (D:12)
  4 komodo dragons
  2 meliai (shapeshifter)
  A troll (D:12)
  4 slime creatures
  21 blink frogs
  5 dream sheep
  A wyvern (Lair:1)
  2 water elementals
  A wraith (D:14)
  2 vampires
  39 yaks
  3 steam dragons
  4 vampire mosquitoes
  Edmund (D:4)
  A warg (Orc:1)
  Duvessa (D:7)
  6 water moccasins
  3 acid dragons
  A black bear (D:8)
  A great orb of eyes simulacrum (IceCv)
  24 orc warriors
  An ice beast (D:8)
  2 ogres
  10 wolves (Lair:4)
  7 centaurs
  3 slime creature simulacra (IceCv)
  Blork the orc (D:4)
  4 kobold brigands
  4 gnoll sergeants
  9 bullfrogs
  3 glowing shapeshifter simulacra (IceCv)
  A necrophage (D:6)
  2 wights (D:8)
  18 killer bees
  3 howler monkeys
  13 orc priests
  2 hounds
  A gnoll bouda (D:7)
  Terence (D:2)
  An iguana (D:5)
  8 orc wizards
  2 shapeshifter simulacra (IceCv)
  3 adders
  17 gnolls
  2 ufetubi (D:6)
  2 worms
  2 dart slugs
  52 orcs
  11 endoplasms
  3 giant cockroaches
  9 goblins
  9 hobgoblins
  3 jackals
  2 quokkas
  8 ball pythons
  6 bats
  4 frilled lizards
  17 kobolds
  2 rats (D:2)
430 creatures vanquished.

Vanquished Creatures (collateral kills)
  A slime creature (D:14)
  An orc warlord (Orc:1)
  2 catoblepae
  2 two-headed ogres (D:11)
  5 death yaks
  A deep elf pyromancer (D:12)
  A lindwurm (Lair:5)
  4 orc knights
  3 ugly things (D:14)
  An orc sorcerer (Orc:2)
  2 manticores
  8 elephants
  2 black mambas (Lair:2)
  2 orange demons (Orc:2)
  4 cane toads
  A rime drake (Lair:3)
  3 komodo dragons (Lair:1)
  A queen bee (D:10)
  An efreet (D:12)
  4 trolls
  A hornet (D:9)
  10 blink frogs
  A polar bear (Lair:5)
  2 dream sheep (Lair:5)
  2 shadows
  2 vampires (D:12)
  A wyvern (D:7)
  A ynoxinul (Orc:2)
  16 yaks
  A wraith (D:12)
  Eustachio (D:5)
  2 humans (D:8)
  A redback (Lair:2)
  3 vampire mosquitoes (D:14)
  A warg (Orc:1)
  3 water moccasins
  A meliai simulacrum (D:14)
  21 orc warriors
  3 ogres (D:12)
  A black bear (D:8)
  A wolf (Lair:4)
  A slime creature simulacrum (IceCv)
  3 centaurs
  5 kobold brigands
  A gnoll sergeant (D:12)
  A bullfrog (D:5)
  3 wights (D:8)
  2 scorpions
  Dowan (D:7)
  12 killer bees
  4 electric eels
  6 howler monkeys
  A lava snake (D:10)
  3 hounds (D:5)
  13 orc priests
  A jelly (D:7)
  4 iguanas
  A gnoll bouda (D:9)
  7 orc wizards
  A shapeshifter simulacrum (IceCv)
  Robin (D:4)
  8 gnolls
  5 adders
  A white imp (D:5)
  A dart slug (D:4)
  47 orcs
  An endoplasm (D:3)
  9 goblins
  2 jackals (D:5)
  A quokka (D:4)
  9 kobolds
279 creatures vanquished.

Vanquished Creatures (others)
  A glowing shapeshifter simulacrum (IceCv)
  An orc wizard (Orc:1)
  An ancestor (D:4)
  23 battlemagi
  An orc (Orc:2)
  21 fungi
  39 plants
87 creatures vanquished.

Grand Total: 796 creatures vanquished

Notes
Turn   | Place    | Note
-------+----------+-------------------------------------------
     0 | D:1      | GeoRichter the Gargoyle Fighter began the quest for the
                  | Orb.
     0 | D:1      | Reached XP level 1. HP: 14/14 MP: 1/1
   266 | D:1      | Reached XP level 2. HP: 19/19 MP: 2/2
   305 | D:1      | Found a faded altar of an unknown god.
   997 | D:1      | Found Nireonil's Assorted Antiques.
  1176 | D:2      | Reached XP level 3. HP: 24/24 MP: 3/3
  1350 | D:2      | Found a hazy altar of Hepliaklqana.
  1365 | D:2      | Became a worshipper of Hepliaklqana the Forgotten
  1773 | D:2      | Noticed Terence
  1784 | D:2      | Killed Terence
  1785 | D:2      | Reached XP level 4. HP: 17/29 MP: 4/4
  2172 | D:3      | Found a basalt altar of Yredelemnul.
  2516 | D:3      | Reached * piety under Hepliaklqana
  2696 | D:3      | Reached XP level 5. HP: 28/30 MP: 5/5
  3198 | D:3      | Found an ornate altar of the Wu Jian Council.
  3572 | D:4      | Noticed Edmund
  3980 | D:4      | Found Pacom's Tremendous Tomes.
  4086 | D:4      | Reached ** piety under Hepliaklqana
  4087 | D:4      | Remembered your ancestor Ahhotep as a battlemage
  4189 | D:4      | Reached skill level 5 in Maces & Flails
  4620 | D:4      | Noticed Robin
  4653 | D:4      | Reached XP level 6. HP: 36/36 MP: 6/6
  4659 | D:4      | Killed Robin
  4666 | D:4      | Found a shimmering altar of Xom.
  4666 | D:4      | Found an ancient bone altar of Kikubaaqudgha.
  4737 | D:4      | Killed Edmund
  4738 | D:4      | Reached skill level 5 in Fighting
  4804 | D:4      | Found a glowing golden altar of the Shining One.
  4858 | D:4      | Noticed Blork the orc
  4865 | D:4      | Killed Blork the orc
  4866 | D:4      | Reached XP level 7. HP: 36/39 MP: 7/7
  5079 | D:5      | Entered Level 5 of the Dungeon
  5180 | D:5      | Noticed Pikel
  5324 | D:5      | Noticed Eustachio
  5352 | D:5      | Killed Eustachio
  5353 | D:5      | Reached XP level 8. HP: 38/46 MP: 8/8
  5692 | D:5      | Killed Pikel
  6000 | D:5      | Found a burning altar of Makhleb.
  6318 | D:1      | Bought a shiny chain mail for 187 gold pieces
  6449 | D:6      | Reached XP level 9. HP: 53/53 MP: 9/9
  6483 | D:6      | Found a shadowy altar of Dithmenos.
  6600 | D:6      | Found a broken altar of Ashenzari.
  6633 | D:6      | Reached *** piety under Hepliaklqana
  6888 | D:6      | Found a staircase to the Ecumenical Temple.
  6901 | Temple   | Entered the Ecumenical Temple
  7221 | D:7      | Noticed Duvessa
  7221 | D:7      | Noticed Dowan
  7226 | D:7      | Killed Duvessa
  7227 | D:7      | Reached skill level 1 in Evocations
  7233 | D:7      | Killed Dowan
  7234 | D:7      | Reached skill level 10 in Maces & Flails
  7692 | D:7      | Found a white marble altar of Elyvilon.
  8207 | D:8      | Reached XP level 10. HP: 58/58 MP: 10/10
  8212 | D:8      | Reached skill level 5 in Armour
  8318 | D:8      | Reached **** piety under Hepliaklqana
  8385 | D:8      | Found a sacrificial altar of Ru.
  8389 | D:8      | Found a bloodstained altar of Trog.
  8421 | D:8      | Found an iron altar of Okawaru.
  8725 | D:9      | Found an opulent altar of Gozag.
  8773 | D:9      | Found a flagged portal.
  8798 | Bailey   | Entered a bailey
  9389 | Bailey   | Noticed an orc knight
  9389 | Bailey   | Noticed an orc knight
  9394 | Bailey   | Killed an orc knight
  9394 | Bailey   | Killed an orc knight
  9395 | Bailey   | Reached skill level 10 in Fighting
  9395 | Bailey   | Reached XP level 11. HP: 57/64 MP: 11/11
  9440 | Bailey   | Reached XP level 12. HP: 69/69 MP: 12/12
  9537 | D:9      | Reached skill level 15 in Maces & Flails
  9854 | D:9      | Reached skill level 5 in Evocations
  9854 | D:9      | Noticed a two-headed ogre
  9862 | D:9      | Killed a two-headed ogre
 10070 | D:10     | Entered Level 10 of the Dungeon
 10138 | D:10     | Found a radiant altar of Vehumet.
 10423 | D:10     | Reached ***** piety under Hepliaklqana
 10609 | D:10     | Found a staircase to the Lair.
 11423 | D:10     | Found a hide-covered altar of Uskayaw.
 11440 | D:10     | Identified the +8 rapier of Valiance {vorpal, rC+ Str+3
                  | Int+3}
 11598 | Lair:1   | Entered Level 1 of the Lair of Beasts
 11958 | Lair:1   | Reached skill level 1 in Throwing
 12528 | Lair:2   | Reached XP level 13. HP: 75/75 MP: 13/13
 12560 | Lair:2   | Reached skill level 10 in Armour
 12569 | Lair:2   | Reached skill level 1 in Invocations
 12749 | Lair:2   | Found a hole to the Spider Nest.
 13775 | Lair:3   | Reached skill level 5 in Shields
 13912 | Lair:3   | Found a staircase to the Swamp.
 15735 | Lair:4   | Reached ****** piety under Hepliaklqana
 15796 | Lair:4   | Gained mutation: Your large and strong wings let you fly.
                  | [Gargoyle growth]
 15796 | Lair:4   | Reached XP level 14. HP: 70/84 MP: 17/17
 15828 | Lair:4   | Reached skill level 5 in Invocations
 16972 | Lair:5   | Entered Level 5 of the Lair of Beasts
 16988 | Lair:5   | Reached skill level 5 in Throwing
 17245 | Lair:5   | Found a frozen archway.
 17254 | IceCv    | Entered an ice cave
 17333 | IceCv    | Got the Reference Book on Snow
 17645 | IceCv    | Noticed a quicksilver ooze
 17668 | IceCv    | Noticed a quicksilver ooze
 18440 | Lair:5   | Found a staircase to the Slime Pits.
 18580 | Lair:5   | HP: 4/86 [yak (2)]
 19751 | D:11     | You are sucked into a shaft and drop 3 floors!
 19813 | D:14     | Reached XP level 15. HP: 68/90 MP: 20/20
 19827 | D:14     | Identified the +6 sling of the Ancient Runes {speed, Drain
                  | rC+ rN+}
 19915 | D:14     | Identified the +8 dagger of Infinity {vorpal, *Rage rC+
                  | Str-5 Int+9}
 20114 | D:14     | HP: 4/90 [seven-headed hydra (8)]
 20419 | D:14     | Found an ornate altar of the Wu Jian Council.
 20551 | D:13     | Reached skill level 15 in Fighting
 21546 | D:11     | Found Sachiquz's Distillery.
 21552 | D:11     | Found Weeraugh's Magic Scroll Shoppe.
 21554 | D:11     | Found Rorol's Book Emporium.
 21558 | D:11     | Bought a potion of haste for 170 gold pieces
 21558 | D:11     | Bought a potion of haste for 170 gold pieces
 21558 | D:11     | Bought a potion of might for 68 gold pieces
 21560 | D:11     | Bought a scroll of enchant armour for 105 gold pieces
 21560 | D:11     | Bought a scroll of fear for 56 gold pieces
 22015 | D:12     | Noticed Nergalle
 22026 | D:12     | Killed Nergalle
 22239 | D:12     | Found a staircase to the Orcish Mines.
 22684 | Orc:1    | Entered Level 1 of the Orcish Mines
 22686 | Orc:1    | Found Idotuj's Weapon Shop.
 22860 | Orc:1    | Noticed an orc warlord
 23205 | Orc:1    | Killed an orc warlord
 23427 | Orc:1    | Found Odiopuce's Distillery.
 23436 | Orc:1    | Bought a potion of haste for 120 gold pieces
 23436 | Orc:1    | Bought a potion of might for 48 gold pieces
 23436 | Orc:1    | Bought a potion of haste for 120 gold pieces
 23436 | Orc:1    | Bought a potion of might for 48 gold pieces
 23436 | Orc:1    | Bought a potion of curing for 36 gold pieces
 23436 | Orc:1    | Bought a potion of curing for 36 gold pieces
 23436 | Orc:1    | Bought a potion of curing for 36 gold pieces
 23553 | Orc:2    | Entered Level 2 of the Orcish Mines
 23553 | Orc:2    | Noticed Maurice
 23553 | Orc:2    | Noticed an orc warlord
 23553 | Orc:2    | Found a staircase to the Elven Halls.
 23556 | Orc:2    | Paralysed by an orc sorcerer for 4 turns
 23994 | Orc:1    | Killed an orc warlord
 24259 | Orc:2    | Killed Maurice
 24316 | Orc:2    | Noticed Sonja
 24432 | Orc:2    | Noticed an orc warlord
 24868 | Orc:2    | Found Beab's General Store.
 24872 | Orc:2    | Found Xinliadim's Magic Scroll Emporium.
 24899 | Orc:2    | Reached skill level 15 in Armour
 25258 | Orc:2    | Slain by an orc warrior

Illustrated notes

Levels and vault maps discovered:
D:1:      nagdon_arrival_double_spiral, layout_loops_corners, serial_shops,
          shop, hellmonk_ecumenical_altar_pennies_from_heaven,
          hangedman_decor_clover_reticule, minmay_tetromino_t4
D:2:      layout_loops_ring, basic_altar, minmay_liquid_box, uniq_terence
D:3:      wander_river, layout_basic, mainiacjoe_overflow_boulevard,
          marbit_many_paths
D:4:      layout_basic, tso_oasis_becter, gammafunk_temple_overflow_elements,
          nicolae_shop_i_like_big_books, columned_hall_lemuel, uniq_edmund,
          uniq_blork_the_orc, uniq_robin
D:5:      nicolae_cairo_tiling_large_dashed, layout_basic,
          mainiacjoe_overflow_alcove_1, lightli_ossuary_entry_decrepit_ruins,
          uniq_eustachio, uniq_pikel
D:6:      layout_cave_pods, evilmike_ruin_ashenzari, lemuel_tele_altar,
          minmay_temple_entry_wispy
D:7:      layout_basic, elyvilon_altar_1, uniq_duvessa
D:8:      corexii_shack_village, layout_basic, overflow_temple_1_default,
          okawaru_humans, trog_ov_bears_minmay
D:9:      layout_rooms, nicolae_gozag_seed_capital, enter_bailey_5,
          minmay_misc_feat_hallway
D:10:     layout_roguey, vehumet_statue, kennysheep_mini, special_room
          [special_room_bee], disabler_island
D:11:     layout_cave_pods, minmay_variable_closet, minmay_hedge_maze,
          nicolae_wooded_promenade
D:12:     layout_big_octagon, kennysheep_orc_monster_closet_entryway,
          nzn_random_ring, uniq_nergalle
D:13:     layout_basic
D:14:     layout_roguey, david_vaults_5, minmay_misc_feat_roman,
          pdpol_wu_jian_five_deadly_venoms
Temple:   nicolae_temple_ecumenical_triangle
Lair:1:   layout_small_grid, grunt_megastairs_1
Lair:2:   layout_regular_city, spider_nest_entry_webs
Lair:3:   layout_layer_cave, swamp_mist_pool, hangedman_lair_generics_rect
Lair:4:   layout_regular_city, infiniplex_staircase_pool_2, grunt_megastairs_4,
          lemuel_fruit_fields, lemuel_fruit_fields
Lair:5:   evilmike_catoblepas_cave, layout_regular_city,
          dpeg_slime_entry_corner, portal_ice_cave_entry_pillars_1,
          minivault_19, small_statue_intersection
Orc:1:    layout_diamond_mine, serial_shops, shop, shop_statue, shop,
          shop_fountains, shop
Orc:2:    pf_orc_diabolical, layout_diamond_mine, nicolae_volcano_entry_hallway,
          uniq_sonja, uniq_maurice

Skill      XL: |  1  2  3  4  5  6  7  8  9 10 11 12 13 14 15 |
---------------+----------------------------------------------+-----
Maces & Flails | 3 4 5 6 7 9 10 12 14 16 | 16.0
Fighting       | 4 5 6 7 8 10 11 13 14 16 | 16.0
Evocations     | 2 4 6 |  6.0
Armour         | 4 7 9 12 13 15 | 15.0
Throwing       | 1 4 6 7 |  7.3
Shields        | 6 8 9 |  9.4
Invocations    | 4 6 8 |  8.4

Action                   |  1- 3 |  4- 6 |  7- 9 | 10-12 | 13-15 || total
-------------------------+-------+-------+-------+-------+-------++-------
Melee: Flail             |    99 |   113 |   195 |   484 |   130 ||  1021
       Morningstar       |       |    46 |       |       |   905 ||   951
Throw: Throwing net      |       |     2 |       |       |       ||     2
       Javelin           |       |       |       |       |    29 ||    29
Invok: Recall Ancestor   |       |     2 |       |     2 |     6 ||    10
       Ancestor Life: Ba |       |     1 |       |       |       ||     1
       Transference      |       |       |       |       |     2 ||     2
       Idealise          |       |       |       |       |     1 ||     1
Evoke: Wand              |       |       |     2 |    11 |     8 ||    21
  Use: Potion            |     1 |       |       |     2 |    18 ||    21
       Scroll            |       |     1 |       |     8 |    29 ||    38
 Stab: Held in net/web   |       |     1 |       |       |       ||     1
       Distracted        |       |       |     1 |     6 |    13 ||    20
       Invisible         |       |       |       |       |     2 ||     2
       Petrifying        |       |       |       |       |     1 ||     1
       Petrified         |       |       |       |       |     1 ||     1
Armor: Scale mail        |    62 |    74 |    44 |       |       ||   180
       Chain mail        |       |       |    46 |   208 |   478 ||   732
Dodge: Dodged            |    63 |    61 |   127 |   243 |   530 ||  1024
Block: Buckler           |    15 |    27 |    54 |   134 |   179 ||   409
       Kite shield       |       |       |       |       |   189 ||   189
